 Dungeon Crawl Stone Soup version 0.29.1-1-gd02db69 (webtiles) character file.

Game seed: 16539532569151928007

3389 mallonox the Spear-Bearer (level 9, -1/84 HPs)
             Began as a Minotaur Berserker on Dec 20, 2022.
             Was an Elder of Trog.
             Killed from afar by a steam dragon (23 damage)
             ... with a ball of steam
             ... on level 8 of the Dungeon.
             The game lasted 00:22:09 (7230 turns).

mallonox the Spear-Bearer (Minotaur Berserker)      Turns: 7230, Time: 00:22:10

Health: -1/84      AC:  8    Str: 29    XL:     9   Next: 74%
Magic:  8/8        EV: 15    Int:  4    God:    Trog [****..]
Gold:   68         SH:  0    Dex: 23    Spells: 8/8 levels left

rFire   . . .      SeeInvis .   A - +4 trident of Scorn {vorpal, Contam rPois rN++ Str+4}
rCold   . . .      Faith    .   (no shield)
rNeg    + + .      Spirit   .   m - +0 ring mail
rPois   +          Reflect  .   (helmet restricted)
rElec   .          Harm     .   k - +1 cloak
rCorr   .          Rampage  .   (no gloves)
Will    ++...                   (no boots)
Stlth   +.........              (no amulet)
HPRegen 1.24/turn               v - +6 ring of dexterity
MPRegen 0.11/turn               a - +6 ring of dexterity

@: strong-willed (expiring), on berserk cooldown, regenerating (expiring),
slowed, very slow
A: horns 2, retaliatory headbutt
a: Renounce Religion, Berserk, Trog's Hand, Brothers in Arms


You were on level 8 of the Dungeon.
You worshipped Trog.
Trog was greatly pleased with you.
You visited 1 branch of the dungeon, and saw 8 of its levels.
You also visited: Ossuary.

You collected 299 gold pieces.
You spent 231 gold pieces at shops.

Inventory:

Hand Weapons
 A - the +4 trident of Scorn (weapon) {vorpal, Contam rPois rN++ Str+4}
   (You bought it in a shop on level 1 of the Dungeon)

   It inflicts extra damage upon your enemies.
   Str:       It affects your strength (+4).
   rPois:     It protects you from poison.
   rN:        It greatly protects you from negative energy.
   Contam:    It causes magical contamination when unequipped.
 I - a +4 halberd of freezing
 J - a +5 spear
Armour
 k - a +1 cloak (worn)
 m - a +0 ring mail (worn)
 z - a +0 chain mail
Jewellery
 a - a +6 ring of dexterity (right hand)
 v - a +6 ring of dexterity (left hand)
 w - a ring of fire
 E - a ring of fire
Wands
 i - a wand of flame (26)
 F - a wand of iceblast (6)
 G - a wand of quicksilver (9)
Scrolls
 b - a scroll of immolation {unknown}
 d - 8 scrolls of teleportation {unknown}
 g - a scroll of brand weapon {unknown}
 h - 3 scrolls of enchant weapon {unknown}
 n - 2 scrolls of torment {unknown}
 p - 9 scrolls of identify {unknown}
 x - a scroll of magic mapping {unknown}
 y - 4 scrolls of vulnerability {unknown}
 B - 2 scrolls of summoning {unknown}
 C - a scroll of blinking {unknown}
 H - a scroll of fear {unknown}
Potions
 c - 3 potions of cancellation {unknown}
 e - 2 potions of attraction {unknown}
 f - 12 potions of curing {unknown}
 j - 3 potions of brilliance {unknown}
 l - 4 potions of degeneration {unknown}
 o - 2 potions of magic {unknown}
 q - a potion of lignification {unknown}
 r - 2 potions of ambrosia {unknown}
 s - 2 potions of flight {unknown}
 t - a potion of might {unknown}
 u - 2 potions of heal wounds
 D - 2 potions of invisibility {unknown}


   Skills:
 + Level 9.4 Fighting
 * Level 12.5 Polearms
 + Level 5.9 Armour
 + Level 5.1 Dodging


You had 8 spell levels left.
You didn't know any spells.
Your spell library was empty.

Dungeon Overview and Level Annotations

Branches:
Dungeon (8/15)             Temple (0/1) D:5         Ossuary (visited)
   Lair: D:8-11

Altars:
Hepliaklqana
Zin

Shops:
D:1 (   D:6 (!*(*


Innate Abilities, Weirdness & Mutations

You have a pair of horns on your head.
You reflexively headbutt those who attack you in melee.


Message History

There is an open door here.
Found 8 stones.
You now have 68 gold pieces (gained 14).
You see here 5 stones.
A cyclops comes into view.
You see here 5 stones.
You see here 5 stones.
The cyclops shouts!
The cyclops throws a large rock.
The large rock hits you!!
The cyclops throws a large rock.
The large rock hits you!!!
Ouch! That really hurt!
* * * LOW HITPOINT WARNING * * *
You hear an angry hiss.
Your skin crawls.
You feel strong-willed.
A red film seems to cover your vision as you go berserk!
You feel yourself moving faster!
You feel mighty! Trog will no longer gift you weapons.
You hit the cyclops but do no damage. You impale the cyclops!!
The cyclops is heavily wounded.
The cyclops hits you!!
* * * LOW HITPOINT WARNING * * *
You barely miss the cyclops.
The cyclops is heavily wounded.
You impale the cyclops!!
You kill the cyclops!
Trog accepts your kill.
Your Dodging skill increases to level 5!
A steam dragon comes into view.
The steam dragon hisses angrily.
You hear a bellow!
You see here 5 large rocks.
You feel a strong urge to attack something.
You feel your anger nearly subside.
You are no longer berserk.
You are exhausted.
You feel yourself slow down.
You feel the effects of Trog's Hand fading.
The steam dragon breathes steam at you. The ball of steam hits you!!
You die...

..# #. ##..# #. ....# #
#############.#.### ##.
..................# #...#..
..............# ..## #...###
..............# #..# #...#
..D....(......###..# #...#
........D...ยงยง@....###
#...#
#########....#####...####...#
#....# ###....#...#
#....(.......##'#...##
#....................##
#......................
#....#######......####.
###### ###########. #.....


There were no monsters in sight!

Vanquished Creatures
  A cyclops (D:8)
  A steam dragon (D:6)
  A sky beast (D:6)
  2 ogres
  4 centaurs
  A phantom (D:3)
  A kobold brigand (D:6)
  A bullfrog (D:7)
  3 necrophages
  3 water moccasin zombies (Ossuary)
  6 wights (D:8)
  4 killer bees (D:7)
  5 howler monkeys (D:7)
  2 jellies (D:5)
  A human zombie (D:5)
  Crazy Yiuf (D:2)
  4 hounds
  4 orc priests
  3 gnoll boudas
  Jessica (D:3)
  4 iguanas
  6 orc wizards
  A human skeleton (D:5)
  2 mummies (Ossuary)
  11 gnolls
  5 adders
  A shadow imp (D:5)
  2 ufetubi
  5 adder zombies (Ossuary)
  3 worms
  2 dart slugs
  22 orcs
  8 ball pythons
  11 endoplasms
  A gnoll zombie (Ossuary)
  5 hobgoblins
  6 jackals
  3 quokkas (D:4)
  6 bats
  2 frilled lizards
  4 goblins
  2 hobgoblin zombies (Ossuary)
  8 kobolds
  6 kobold zombies (Ossuary)
  2 orc skeletons (D:5)
  6 orc zombies
  2 rats
185 creatures vanquished.

Notes
Turn   | Place    | Note
-------+----------+-------------------------------------------
     0 | D:1      | mallonox the Minotaur Berserker began the quest for the
                  | Orb.
     0 | D:1      | Reached XP level 1. HP: 19/19 MP: 0/0
    89 | D:1      | Found a faded altar of an unknown god.
   212 | D:1      | Reached XP level 2. HP: 26/27 MP: 1/1
   479 | D:1      | Found Vulyawo's Antique Weapon Boutique.
  1022 | D:2      | Found a glowing silver altar of Zin.
  1099 | D:2      | Found a runed translucent door.
  1100 | D:2      | Noticed Crazy Yiuf
  1126 | D:2      | Killed Crazy Yiuf
  1127 | D:2      | Reached skill level 5 in Fighting
  1127 | D:2      | Reached XP level 3. HP: 36/36 MP: 2/2
  1874 | D:3      | Reached XP level 4. HP: 42/44 MP: 3/3
  1958 | D:3      | Noticed a phantom
  1969 | D:3      | Killed a phantom
  1970 | D:3      | Reached XP level 5. HP: 44/51 MP: 4/4
  2078 | D:3      | Reached ** piety under Trog
  2287 | D:3      | Reached XP level 6. HP: 28/60 MP: 5/5
  2885 | D:3      | Found a hazy altar of Hepliaklqana.
  2953 | D:3      | Noticed Jessica
  2962 | D:3      | Killed Jessica
  3076 | D:4      | Reached skill level 4 in Polearms
  3789 | D:1      | Bought a faintly glowing trident for 161 gold pieces
  3789 | D:1      | Identified the +4 trident of Scorn {vorpal, Contam rPois
                  | rN++ Str+4} (You bought it in a shop on level 1 of the
                  | Dungeon)
  3905 | D:5      | Entered Level 5 of the Dungeon
  4019 | D:5      | Reached skill level 5 in Polearms
  4019 | D:5      | Reached XP level 7. HP: 64/68 MP: 6/6
  4062 | D:5      | Reached *** piety under Trog
  4089 | D:5      | Found a sand-covered staircase.
  4095 | Ossuary  | Entered an ossuary
  4194 | Ossuary  | Reached skill level 6 in Polearms
  4341 | D:5      | Reached skill level 7 in Polearms
  4484 | D:5      | Reached XP level 8. HP: 71/75 MP: 7/7
  4750 | D:5      | Found a staircase to the Ecumenical Temple.
  4815 | D:5      | Reached skill level 8 in Polearms
  4926 | D:5      | Reached **** piety under Trog
  5191 | D:6      | Reached skill level 9 in Polearms
  5306 | D:6      | Found Unovuadi's General Store.
  5399 | D:6      | Found Juylowku's General Store.
  5544 | D:6      | Found Modur's Distillery.
  5561 | D:6      | Reached skill level 10 in Polearms
  5632 | D:6      | Bought a potion of heal wounds for 70 gold pieces
  5791 | D:6      | Reached XP level 9. HP: 64/82 MP: 8/8
  5901 | D:6      | Found Zapnis's Weapon Emporium.
  6069 | D:6      | Found Ixzy's Weapon Shoppe.
  6320 | D:7      | Reached skill level 5 in Armour
  6323 | D:7      | Reached skill level 11 in Polearms
  7039 | D:8      | Reached ***** piety under Trog
  7068 | D:8      | Reached skill level 12 in Polearms
  7202 | D:8      | Noticed a cyclops
  7221 | D:8      | Killed a cyclops
  7222 | D:8      | Reached skill level 5 in Dodging
  7230 | D:8      | Killed from afar by a steam dragon

Illustrated notes

Levels and vault maps discovered:
D:1:      roderic_crop_circles_arrival_small, layout_rooms,
          hellmonk_ecumenical_altar_arch_garden, serial_shops,
          nicolae_shop_statue_plus, grunt_decor_clamped, hex_tiny,
          minmay_fountain_box
D:2:      minmay_skewed_foursquare, layout_loops_corners, basic_altar,
          uniq_crazy_yiuf_cottage
D:3:      minmay_general_purpose_star, layout_basic,
          worldfamousw_hep_ancestral_shrine, uniq_jessica
D:4:      layout_basic, kennysheep_small_spiral
D:5:      layout_basic, minmay_temple_entry_mini_moons,
          nicolae_ossuary_entry_catacombs
D:6:      layout_loops_cross, serial_shops, shop, nicolae_shop_trees,
          nicolae_shop_bloodbath_and_beyond, shop, shop,
          small_statue_intersection, nicolae_figureground_pulse
D:7:      layout_basic, minmay_manual_monstrance
D:8:      layout_basic

Skill      XL: |  1  2  3  4  5  6  7  8  9 |
---------------+----------------------------+-----
Fighting       | 4 5 6 7 8 9 |  9.4
Dodging        | 3 4 5 |  5.1
Armour         | 3 4 5 |  5.9
Polearms       | 5 7 10 12 | 12.5

Action                   |  1- 3 |  4- 6 |  7- 9 || total
-------------------------+-------+-------+-------++-------
Melee: Spear             |    70 |   161 |       ||   231
       Headbutt          |     9 |    17 |    33 ||    59
       Trident           |       |     7 |   275 ||   282
       Punch             |       |       |     4 ||     4
Invok: Berserk           |     1 |       |     1 ||     2
       Trog's Hand       |       |     1 |     2 ||     3
 Stab: Sleeping          |     1 |       |       ||     1
       Distracted        |       |       |     2 ||     2
Armor: Animal skin       |    10 |     4 |       ||    14
       Ring mail         |       |    28 |    62 ||    90
Dodge: Dodged            |    17 |    56 |   127 ||   200
